Map: Abyssal Reef LE

Players

SpeCiaL

  • Race: Terran Terran
  • Spawn Location: 11:00

Snute - Winner!

  • Race: Zerg Zerg
  • Spawn Location: 5:00

Event: WCS Valencia 2017

VOD

Have the link to the VOD?

Description

Time

  • Played on: July 15, 2017, 12:02 p.m.
  • Length: 29:02

All games in this series

Show
View Real Time Build Order
Export as new Build Order

SpeCiaL Terran 

Build Orders: Liberator Opening 

Get SALT Encoding   

  12  0:00  SCV  
  13  0:12  SCV  
  14  0:17  Supply Depot  
  14  0:24  SCV  
  15  0:38  SCV  
  15  0:39  Barracks  
  16  0:44  Refinery  
  16  0:50  SCV  
  17  1:02  SCV  
  18  1:15  SCV  
  19  1:26  Marine  
  19  1:27  Orbital Command  
  20  1:39  Command Center  
  20  1:50  Factory  
  20  1:53  SCV  
  21  2:04  Barracks Reactor  
  21  2:06  SCV  
  22  2:10  Supply Depot  
  22  2:14  Refinery  
  22  2:18  SCV  
  23  2:32  SCV  
  24  2:40  Marine x2  
  24  2:42  Starport  
  25  2:52  SCV  
  25  2:53  Widow Mine  
  25  2:58  Marine x2  
  30  3:06  SCV  
  30  3:07  Orbital Command  
  31  3:19  SCV  
  32  3:21  Medivac  
  34  3:28  Supply Depot  
  34  3:29  Hellion x2  
  34  3:31  SCV  
  34  3:34  SCV  
  40  3:39  Barracks Tech Lab  
  40  3:43  SCV  
  40  3:44  Armory  
  40  3:47  SCV  
  42  3:52  Liberator  
  42  3:55  Hellion x2, SCV  
  47  4:00  SCV  
  48  4:04  Supply Depot  
  48  4:07  SCV  
  49  4:14  SCV  
  53  4:19  SCV  
  53  4:26  Hellion x2, SCV  
  53  4:27  Supply Depot  
  58  4:31  SCV  
  59  4:38  SCV  
  59  4:43  SCV  
  61  4:49  Hellion x2  
  61  4:50  SCV  
  61  4:52  Cloaking Field  
  66  4:53  Banshee  
  66  4:55  SCV  
  70  5:05  Supply Depot  
  70  5:13  Command Center  
  70  5:25  SCV x2  
  70  5:27  Hellion x2  
  71  5:37  SCV x2  
  61  5:45  Refinery  
  61  5:46  Refinery, Banshee  
  61  5:48  Factory  
  61  5:49  Hellion x2, SCV x2  
  70  5:50  Supply Depot  
  70  5:52  Barracks Reactor, Terran Vehicle Weapons Level 1  
  70  6:01  SCV x2  
  72  6:10  Hellion x2  
  76  6:13  SCV x2  
  79  6:25  SCV x2  
  79  6:26  Orbital Command  
  79  6:29  Banshee  
  79  6:32  Supply Depot  
  83  6:38  SCV x2, Cyclone x2  
  91  6:42  Cyclone  
  91  6:44  Cyclone  
  97  6:49  Refinery  
  97  6:50  SCV x2, Refinery  
  97  6:52  SCV  
  100  6:56  Hellion  
  100  7:02  SCV x2  
  100  7:04  SCV, Command Center  
  103  7:11  Hellion x2  
  103  7:14  SCV x2  
  109  7:19  Supply Depot  
  109  7:21  Hellion x2, SCV  
  114  7:26  SCV  
  114  7:28  Factory  
  114  7:29  Factory, SCV  
  116  7:31  Starport Reactor  
  116  7:32  Factory  
  116  7:33  SCV  
  114  7:38  SCV  
  114  7:39  Hellion  
  114  7:41  SCV  
  118  7:45  SCV  
  118  7:51  Liberator x2  
  119  7:57  SCV x2  
  120  7:58  Hellion  
  120  7:59  Hellion x2  
  113  8:07  Hellion  
  119  8:13  Terran Vehicle Weapons Level 2  
  119  8:14  Supply Depot x2  
  119  8:16  Armory  
  121  8:20  Siege Tank, Hellion x2, Factory Tech Lab x2  
  124  8:31  Cyclone  
  124  8:32  Engineering Bay  
  127  8:43  Siege Tank x2  
  127  8:44  Infernal Pre-Igniter  
  131  8:51  Viking  
  131  8:52  Siege Tank  
  123  8:56  Cyclone  
  123  9:01  Hellion  
  128  9:03  Hellion  
  128  9:09  Planetary Fortress  
  126  9:10  Refinery  
  126  9:11  Refinery  
  126  9:12  Hellion  
  126  9:13  Command Center, Viking  
  126  9:16  Hellion x2  
  134  9:23  Hellion  
  136  9:24  Siege Tank  
  136  9:30  Hellion x2  
  139  9:39  Hellion  
  139  9:45  Medivac x2  
  143  9:49  Hellion  
  143  9:50  Siege Tank x2  
  143  9:52  Hellion x2  
  155  10:00  Command Center  
  155  10:01  Command Center  
  155  10:04  Supply Depot x2  
  155  10:05  Terran Vehicle And Ship Armor Level 1  
  155  10:06  Supply Depot  
  155  10:20  Siege Tank, Hellion x2  
  148  10:27  Siege Tank, Hellion  
  149  10:29  Siege Tank  
  149  10:36  SCV x2  
  149  10:39  Hellion  
  149  10:46  Medivac x2  
  145  10:52  Siege Tank  
  145  10:55  Planetary Fortress  
  148  10:58  Hellion x2  
  148  10:59  Siege Tank  
  148  11:02  SCV  
  148  11:03  SCV x2  
  149  11:11  Siege Tank, Hellion  
  152  11:12  Hellion  
  149  11:19  SCV  
  149  11:21  Orbital Command  
  149  11:24  Siege Tank  
  142  11:29  Orbital Command  
  142  11:31  Hellion x2  
  136  11:36  Hellion  
  136  11:37  Hellion, Siege Tank  
  136  11:38  SCV  
  140  11:52  SCV x2  
  140  11:53  SCV x2  
  144  11:59  Hellion x2  
  144  12:00  Viking  
  142  12:04  SCV  
  142  12:05  SCV  
  124  12:19  Hellion x3, Siege Tank x2  
  124  12:21  SCV x2  
  124  12:22  SCV  
  139  12:23  SCV  
  140  12:32  Refinery  
  140  12:33  Refinery  
  140  12:34  Terran Vehicle Weapons Level 3  
  140  12:35  Orbital Command  
  140  12:36  Terran Vehicle And Ship Armor Level 2  
  140  12:43  Siege Tank  
  143  12:51  Hellion x2  
  144  13:00  Hellion  
  144  13:03  Viking x2  
  150  13:07  Hellion, Siege Tank  
  150  13:08  Missile Turret  
  150  13:11  Hellion, SCV x5  
  150  13:12  Hellion  
  156  13:16  Hellion x2, Missile Turret  
  156  13:17  Siege Tank  
  156  13:18  Missile Turret  
  163  13:23  SCV x2  
  157  13:32  Siege Tank, Hellion x2  
  164  13:38  Viking  
  164  13:39  Viking  
  162  13:42  Siege Tank, Hellion x2  
  169  13:49  Siege Tank  
  169  13:55  Sensor Tower  
  172  13:56  Missile Turret  
  172  14:04  Hellion x2  
  172  14:08  Viking  
  172  14:09  Viking  
  179  14:11  Siege Tank, Missile Turret  
  180  14:25  Hellion x2, Siege Tank x2, Missile Turret  
  180  14:26  SCV, Missile Turret  
  180  14:27  SCV x2  
  180  14:28  SCV  
  194  14:38  Viking x2  
  194  14:48  Hellion x2  
  194  14:51  Liberator x2  
  168  14:54  Hellion x2  
  168  14:55  Siege Tank  
  155  15:01  Siege Tank, Hellion  
  155  15:06  SCV  
  164  15:17  Terran Vehicle And Ship Armor Level 3  
  164  15:19  Hellion x2  
  167  15:22  Siege Tank  
  170  15:29  Siege Tank  
  170  15:30  Cyclone x2  
  170  15:33  Siege Tank  
  170  15:34  Liberator x2  
  182  15:50  Hellion x2  
  182  15:54  Siege Tank  
  166  16:01  Siege Tank  
  166  16:03  Hellion x2  
  150  16:05  Hellion, Siege Tank  
  144  16:19  Hellion x2, Orbital Command  
  142  16:26  Siege Tank  
  142  16:30  Hellion x2  
  149  16:33  Siege Tank  
  149  16:35  Starport  
  149  16:37  Hellion, Starport  
  154  16:40  Hellion  
  156  16:51  Hellion x2  
  156  16:53  Hellion  
  162  16:58  Thor  
  162  16:59  Hellion  
  162  17:00  Missile Turret  
  164  17:01  SCV x3  
  164  17:02  Refinery x2  
  164  17:03  SCV  
  164  17:08  Hellion x2, Liberator  
  172  17:12  Liberator  
  172  17:14  Terran Ship Weapons Level 1  
  172  17:18  Hellion  
  172  17:20  Siege Tank  
  172  17:22  Hellion  
  179  17:29  Siege Tank  
  188  17:35  Command Center  
  188  17:36  Hellion x2  
  192  17:41  Siege Tank  
  195  17:49  Hellion  
  197  17:52  Siege Tank  
  200  17:59  Refinery  
  200  18:01  Siege Tank  
  200  18:08  Starport Tech Lab x2  
  200  18:09  Missile Turret  
  200  18:11  Factory x2  
  200  18:12  Missile Turret  
  200  18:13  Missile Turret  
  200  18:17  Sensor Tower  
  195  18:28  Siege Tank x2, Hellion x2  
  199  18:44  Command Center  
  199  18:46  Hellion  
  199  18:59  Siege Tank, Hellion  
  184  19:05  Hellion  
  137  19:10  Banshee x2  
  137  19:11  Viking x2  
  137  19:12  Siege Tank x2  
  128  19:19  Hellion x2, Hyperflight Rotors  
  128  19:24  Liberator x2  
  132  19:32  Missile Turret  
  132  19:33  Missile Turret  
  132  19:35  Hellion x2, Factory Tech Lab  
  132  19:36  Factory Tech Lab  
  132  19:37  Siege Tank  
  139  19:44  Siege Tank  
  142  19:49  Hellion x2  
  146  19:53  Banshee  
  149  20:01  Hellion x2, Siege Tank  
  156  20:08  Siege Tank  
  156  20:09  Hellion  
  156  20:13  Hellion  
  163  20:16  Hellion  
  150  20:27  Hellion x2, Siege Tank  
  145  20:28  Siege Tank  
  145  20:30  Refinery  
  145  20:33  Refinery  
  146  20:37  Banshee  
  149  20:45  Command Center  
  149  20:46  Hellion x2, Missile Turret  
  153  20:50  Planetary Fortress  
  153  20:53  Hellion  
  155  20:57  Banshee  
  160  21:04  Hellion, Siege Tank  
  163  21:11  Siege Tank  
  163  21:16  Hellion  
  152  21:24  Hellion  
  127  21:34  Hellion x2, Siege Tank  
  127  21:36  Siege Tank, Hellion  
  127  21:37  Siege Tank  
  127  21:38  Orbital Command  
  142  21:43  Siege Tank, Command Center  
  142  21:45  Missile Turret  
  142  21:46  Banshee  
  142  21:47  Viking  
  150  21:48  Hellion  
  150  21:53  Missile Turret  
  152  21:54  Missile Turret x2  
  152  21:59  Hellion x3  
  152  22:00  Siege Tank  
  161  22:06  Siege Tank  
  166  22:16  Hellion, Siege Tank  
  166  22:20  Viking x2  
  169  22:28  Terran Ship Weapons Level 2  
  169  22:32  Hellion x2  
  169  22:34  Hellion  
  172  22:48  Hellion  
  172  22:50  Siege Tank  
  177  22:59  Thor x2  
  177  23:00  Hellion x3  
  177  23:01  Hellion  
  188  23:16  Hellion x2  
  164  23:22  Siege Tank  
  164  23:25  Hellion x2  
  142  23:29  Siege Tank  
  142  23:32  Hellion  
  125  23:37  Siege Tank, Hellion  
  128  23:42  Siege Tank, Hellion  
  128  23:46  Hellion  
  135  23:48  Viking  
  135  23:49  Viking x2  
  135  23:52  Hellion  
  135  23:54  Siege Tank  
  144  23:59  Hellion  
  144  24:01  Siege Tank  
  141  24:04  Siege Tank  
  141  24:06  Hellion  
  141  24:09  Siege Tank  
  149  24:14  Siege Tank  
  149  24:16  Hellion  
  154  24:23  Viking  
  154  24:26  Siege Tank  
  154  24:31  Medivac x2  
  154  24:33  Siege Tank  
  154  24:35  Thor  
  154  24:38  Hellion  
  153  24:41  Hellion, Siege Tank  
  130  24:47  Hellion x2, Siege Tank  
  118  24:58  Hellion  
  118  24:59  Hellion  
  110  25:02  Hellion  
  110  25:05  Siege Tank  
  115  25:08  Hellion  
  115  25:13  Siege Tank  
  115  25:14  Orbital Command, Banshee x2  
  109  25:18  Siege Tank  
  105  25:23  Siege Tank, Hellion x2  
  105  25:27  Thor  
  105  25:28  Hellion  
  120  25:36  Hellion  
  120  25:37  Siege Tank  
  123  25:46  Hellion  
  123  25:47  Viking  
  125  25:54  Missile Turret  
  125  25:58  Hellion x2  
  129  26:06  Viking  
  129  26:12  Viking  
  129  26:16  Viking  
  129  26:17  Viking  
  133  26:21  Hellion  
  135  26:31  Missile Turret  
  135  26:36  Viking  
  135  26:39  Siege Tank, Hellion  
  142  26:40  Hellion  
  142  26:41  Viking  
  129  26:56  Siege Tank x2, Hellion  
  129  26:57  Siege Tank  
  127  27:22  Missile Turret  
  127  27:24  Hellion x2  
  127  27:29  Orbital Command  
  117  27:36  Hellion  
  89  27:40  Hellion  
  61  27:45  Hellion  
  61  27:50  Hellion  
  63  28:03  Hellion x2  
  69  28:20  Hellion  
  69  28:30  Hellion  
  69  28:33  Hellion  
Show
View Real Time Build Order
Export as new Build Order

Snute Zerg - Winner!

Build Orders: Pool First, Swarm Host 

Get SALT Encoding   

  12  0:00  Drone  
  13  0:12  Overlord  
  13  0:16  Drone  
  14  0:30  Drone x2  
  14  0:34  Drone  
  17  0:44  Spawning Pool  
  17  0:49  Drone  
  17  1:09  Hatchery  
  17  1:11  Drone  
  17  1:15  Drone  
  18  1:19  Extractor  
  18  1:20  Drone  
  18  1:30  Queen  
  20  1:33  Zergling x2  
  20  1:39  Overlord  
  21  1:49  Drone  
  22  2:00  Drone  
  23  2:06  Queen  
  25  2:11  Drone  
  26  2:20  Queen, Metabolic Boost  
  29  2:22  Drone  
  29  2:24  Drone  
  30  2:32  Drone  
  30  2:35  Overlord  
  31  2:39  Drone x2  
  31  2:40  Drone  
  31  2:43  Drone  
  35  2:47  Drone  
  35  2:54  Overlord  
  35  2:57  Drone  
  36  3:06  Drone  
  36  3:08  Drone  
  38  3:14  Hatchery  
  38  3:16  Drone  
  38  3:17  Queen  
  40  3:23  Queen  
  40  3:24  Zergling x2  
  40  3:27  Drone  
  44  3:30  Drone x2  
  44  3:31  Zergling x2  
  47  3:37  Zergling x6  
  47  3:41  Overlord  
  50  3:44  Zergling x2  
  51  3:48  Drone  
  52  3:58  Queen, Overlord  
  52  4:00  Spore Crawler  
  52  4:01  Queen  
  55  4:03  Zergling x2  
  55  4:07  Spore Crawler, Drone  
  56  4:10  Drone  
  56  4:11  Drone  
  56  4:15  Drone x2  
  56  4:16  Drone  
  60  4:21  Drone  
  60  4:22  Drone  
  60  4:23  Drone x2  
  64  4:27  Drone  
  64  4:28  Drone x2  
  67  4:34  Drone x3  
  71  4:38  Drone  
  71  4:48  Spore Crawler  
  71  4:50  Zergling x6  
  73  4:56  Extractor, Queen  
  74  5:00  Evolution Chamber  
  74  5:01  Evolution Chamber, Queen  
  74  5:05  Overlord  
  74  5:16  Overlord  
  68  5:29  Queen  
  68  5:31  Zergling x12  
  68  5:32  Queen  
  76  5:38  Drone x12  
  76  5:42  Zerg Ground Armor Level 1, Zerg Missile Weapons Level 1  
  82  5:46  Drone x2  
  82  5:47  Drone  
  85  5:51  Drone  
  85  5:52  Drone  
  85  5:54  Drone x2  
  85  5:56  Drone  
  90  6:00  Lair  
  90  6:04  Extractor x2, Drone  
  90  6:05  Drone  
  90  6:07  Roach Warren  
  89  6:12  Overlord  
  89  6:19  Drone  
  89  6:20  Drone  
  87  6:28  Drone  
  87  6:29  Drone x2  
  87  6:30  Extractor  
  89  6:33  Drone x5  
  89  6:35  Hatchery  
  89  6:39  Drone x4  
  97  6:41  Drone  
  97  6:43  Overlord x2  
  97  6:45  Spore Crawler  
  96  6:51  Extractor  
  94  6:58  Glial Reconstitution  
  94  7:01  Extractor, Infestation Pit, Hydralisk Den  
  89  7:02  Drone x4  
  89  7:03  Roach  
  89  7:04  Extractor, Roach x4  
  89  7:06  Pneumatized Carapace  
  96  7:19  Roach  
  96  7:20  Roach x5  
  108  7:25  Overlord x2  
  108  7:26  Overlord  
  108  7:37  Drone x4  
  109  7:39  Overlord  
  109  7:43  Overlord x2  
  112  7:44  Ravager  
  112  7:45  Ravager x4, Roach x3  
  112  7:46  Roach  
  112  7:50  Roach x3  
  131  8:07  Swarm Host x5  
  131  8:11  Overlord x2  
  146  8:19  Ravager  
  144  8:21  Overseer  
  144  8:22  Swarm Host x2  
  144  8:26  Overlord x2  
  150  8:29  Overlord x2  
  150  8:30  Zerg Missile Weapons Level 2  
  150  8:44  Hatchery  
  143  8:57  Drone x9  
  143  8:59  Roach x2  
  149  9:04  Drone  
  149  9:05  Drone x4  
  152  9:10  Swarm Host  
  152  9:11  Swarm Host x8  
  179  9:18  Spore Crawler  
  179  9:20  Swarm Host  
  179  9:28  Hydralisk x3  
  183  9:41  Swarm Host x2  
  192  9:48  Hive  
  186  9:54  Muscular Augments  
  186  9:57  Drone x3  
  186  9:58  Drone x3  
  186  9:59  Drone x4  
  196  10:03  Extractor x2  
  194  10:07  Hydralisk x3  
  181  10:29  Ravager x6  
  181  10:35  Drone x5  
  184  10:36  Drone x3  
  185  10:43  Drone  
  185  10:44  Drone  
  185  10:46  Roach x7  
  185  10:47  Roach  
  192  10:50  Overseer  
  191  11:00  Drone x6  
  195  11:04  Zerg Ground Armor Level 2, Spine Crawler  
  195  11:05  Zerg Missile Weapons Level 3  
  188  11:21  Hydralisk x4  
  188  11:23  Roach  
  188  11:24  Ravager, Roach x3  
  193  11:42  Viper x2  
  191  11:52  Drone x3  
  191  11:53  Drone x4  
  194  11:58  Viper x2  
  197  12:15  Swarm Host  
  188  12:32  Overseer x2  
  188  12:38  Ravager x5, Hatchery  
  188  12:40  Swarm Host x2  
  188  12:42  Roach  
  180  13:02  Drone x5  
  180  13:03  Spine Crawler x2, Drone x2  
  178  13:06  Ultralisk Cavern  
  178  13:10  Drone  
  178  13:11  Drone x6  
  172  13:23  Zerg Ground Armor Level 3  
  167  13:29  Spire  
  166  13:44  Hydralisk x3  
  166  13:45  Hydralisk x2  
  166  13:48  Ravager x2  
  178  13:49  Roach  
  178  13:50  Roach x13  
  178  13:51  Roach x4  
  178  13:54  Chitinous Plating  
  199  13:56  Zerg Melee Weapons Level 1  
  191  14:22  Viper x3  
  145  14:53  Ultralisk x5  
  145  14:55  Viper x2  
  151  15:02  Roach  
  151  15:03  Roach x16  
  161  15:12  Zerg Flyer Armor Level 1, Roach x2  
  161  15:13  Roach x2  
  169  15:19  Roach  
  169  15:20  Roach x6  
  183  15:22  Overlord  
  183  15:29  Hatchery  
  183  15:30  Hydralisk x3  
  188  15:38  Ravager x2  
  166  16:01  Ultralisk x2  
  159  16:08  Hydralisk  
  159  16:09  Hydralisk x3  
  163  16:12  Ravager x2  
  163  16:15  Ravager  
  162  16:33  Hatchery  
  162  16:35  Extractor  
  162  16:36  Ravager x2  
  162  16:37  Ravager  
  163  16:41  Viper  
  160  16:50  Drone  
  160  16:51  Drone x7  
  163  16:55  Viper  
  166  17:02  Drone x5  
  166  17:03  Drone  
  166  17:04  Drone x3  
  175  17:14  Viper x2  
  179  17:21  Extractor  
  178  17:24  Ravager x3  
  178  17:26  Drone  
  178  17:27  Drone x4  
  178  17:29  Spine Crawler x2  
  184  17:31  Extractor  
  184  17:32  Extractor  
  182  17:41  Ultralisk  
  188  17:47  Ultralisk  
  190  17:59  Roach x3  
  195  18:07  Ravager x3  
  197  18:14  Roach  
  192  18:42  Ultralisk  
  184  19:04  Hydralisk x7  
  184  19:07  Hydralisk  
  184  19:08  Ultralisk x2, Hydralisk  
  182  19:19  Viper  
  183  19:24  Spore Crawler  
  183  19:25  Viper, Spine Crawler  
  184  19:40  Zerg Melee Weapons Level 2  
  184  19:45  Hatchery, Viper  
  184  19:56  Ultralisk  
  190  20:00  Zerg Flyer Armor Level 2  
  173  20:24  Hydralisk x5  
  173  20:27  Overseer x2  
  179  20:36  Hydralisk x4  
  183  20:46  Ultralisk, Overlord x2  
  189  20:54  Overseer  
  189  21:06  Roach x2  
  170  21:25  Drone x4  
  156  21:26  Drone x6  
  148  21:36  Drone x2  
  148  21:37  Drone x8  
  148  21:38  Drone x3  
  179  21:57  Viper x2  
  179  21:58  Viper  
  170  22:12  Hatchery  
  170  22:14  Spore Crawler  
  164  22:15  Spore Crawler  
  164  22:16  Spore Crawler, Drone x10  
  164  22:17  Drone x2  
  164  22:18  Extractor  
  172  22:26  Spore Crawler  
  169  22:32  Viper x2  
  175  22:46  Extractor  
  175  22:50  Ultralisk  
  180  22:52  Queen x2  
  180  22:53  Queen  
  188  22:58  Roach x5  
  188  22:59  Roach x2  
  178  23:30  Ultralisk x2  
  156  23:35  Hydralisk x2  
  147  23:47  Hatchery  
  146  23:49  Extractor  
  146  23:53  Roach  
  146  23:54  Roach x8  
  159  23:57  Queen x2  
  157  24:08  Roach  
  157  24:09  Roach x4  
  167  24:23  Extractor, Roach x8  
  160  24:46  Hydralisk x4  
  144  24:53  Zergling x14  
  144  24:54  Zergling x14  
  144  24:57  Hydralisk  
  158  25:03  Hydralisk  
  158  25:04  Hydralisk  
  126  25:28  Hydralisk x4  
  126  25:30  Queen x4  
  131  25:39  Drone x5  
  135  25:50  Queen x2  
  135  25:55  Hatchery  
  132  26:01  Roach x8  
  143  26:23  Hydralisk x4  
  143  26:24  Hydralisk x3  
  157  26:33  Roach x6  
  169  26:52  Roach x9  
  178  27:03  Roach x4  
  178  27:06  Overlord x2  
  182  27:16  Hatchery  
  182  27:17  Overseer x2  
  182  27:18  Hatchery  
  180  27:24  Overlord x2  
  101  27:47  Ultralisk x2  
  101  27:50  Roach x9  
  110  28:03  Roach x7  
  123  28:18  Roach x8  
Tags
 
Add a new tag
Caveats
  • Supply blocks, unpowered buildings, or Contaminate may cause inaccurate times.
  • Supply counts are checked every 10 seconds.